 Dungeon Sprint DCSS version 0.19-a0-1490-g5dd3618 (webtiles) character file.

611 poirepourri the Covert (level 7, -1/32 HPs)
             Began as a Spriggan Enchanter on Sept 8, 2016.
             Was an Initiate of Dithmenos.
             Shot with an arrow by a centaur warrior (25 damage)
             ... in the Dungeon (Sprint I: "Red Sonja").
             The game lasted 00:01:13 (474 turns).

poirepourri the Covert (Spriggan Enchanter)          Turns: 474, Time: 00:01:14

Health: -1/32      AC:  3    Str:  4    XL:     7   Next: 20%
Magic:  19/19      EV: 24    Int: 17    God:    Dithmenos [......]
Gold:   297        SH:  0    Dex: 18    Spells: 5 memorised, 10 levels left

rFire  . . .     SeeInvis +     a - +1 dagger
rCold  . . .     Gourm    .     i - +1 robe {MR+}
rNeg   . . .     Faith    .     (shield restricted)
rPois  .         Spirit   .     (helmet restricted)
rElec  .         Dismiss  .     (no cloak)
rCorr  .         Reflect  .     (gloves unavailable)
MR     ++...     Harm     .     (boots unavailable)
Stlth  ++++...... NoTele   +    (no amulet)
                                (no ring)
                                (no ring)

@: very quick
A: unfitting armour, see invisible, herbivore 3, speed 3, slow metabolism 2
a: Renounce Religion


You were in the Dungeon.
You worshipped Dithmenos.
Dithmenos was noncommittal.
You were not hungry.

You visited 1 branch You collected 297 gold pieces.

Inventory:

Hand Weapons
 a - a +1 dagger (weapon)
Armour
 b - a +1 robe
 i - a +1 robe of magic resistance (worn)
Scrolls
 j - a scroll of blinking
Potions
 e - a potion of curing
 f - a potion of heal wounds
 g - a potion of haste
 h - 2 potions of magic
Books
 c - a book of Maledictions

   Spells                             Type                      Level
   a - Corona                         Hexes                        1
   b - Ensorcelled Hibernation        Hexes/Ice                    2
   c - Confuse                        Hexes                        3
   d - Tukima's Dance                 Hexes                        3
   e - Dazzling Spray                 Conjuration/Hexes            3
Comestibles
 d - a bread ration


   Skills:
 + Level 2.0 Short Blades
 + Level 8.1 Dodging
 + Level 13.9 Stealth
 + Level 8.1 Spellcasting
 + Level 11.3 Hexes
 - Level 2.2 Ice Magic


You had 10 spell levels left.
You knew the following spells:

 Your Spells              Type           Power        Failure   Level  Hunger
a - Corona                Hex            #####..      1%          1    None
b - Ensorcelled Hibernat  Hex/Ice        ####..       1%          2    None
c - Confuse               Hex            #####...     1%          3    #......
d - Tukima's Dance        Hex            #####...     1%          3    #......
e - Dazzling Spray        Conj/Hex       ####..       3%          3    #......


Dungeon Overview and Level Annotations

Branches:
Dungeon (1/1)

Altars:
Cheibriados
Dithmenos
Elyvilon
Fedhas
Gozag
Hepliaklqana
Kikubaaqudgha
Makhleb
Nemelex Xobeh
Okawaru
Qazlal
Ru
Sif Muna
Trog
Uskayaw
Vehumet
Xom
Yredelemnul
Zin
The Shining One
Jiyva
Lugonu

Shops:
D [


Innate Abilities, Weirdness & Mutations

You are tiny and cannot use many weapons and most armour.
You have supernaturally acute eyesight. (SInv)
You are a herbivore.
You cover ground extremely quickly.
You need consume almost no food.


Message History

You enter the shallow water.
Moving in this stuff is going to be slow.
Found a meat ration and 27 arrows.
A centaur warrior comes into view.
A centaur warrior comes into view.
The centaur warrior shouts! x2
The centaur warrior hits you!
Blink to where?
Press: ? - help, Dir - move target cursor You can't see that place. [the floor.]
You can't see that place.
Okay, then.
The centaur warrior wields a shortbow.
The centaur warrior shoots an arrow.
The arrow misses you.
You hear a splash.
The centaur warrior wields a longbow.
The centaur warrior shoots an arrow.
The arrow hits you!!
Ouch! That really hurt!
You die...

###################
#<.#.)'..#.)'..#__#
#..'..#.)'..#..'..+
#..#####'#####'#__####
#..####..#...#%####§§#
#..#__####..##§#§§c§§#
#..#_____##'#.§§@§c.§
#⌠⌠#_.∩...'..._#§§§§§#
####_..__##_.#'##+####
#_____###+#%# #######
###


You could see 2 centaur warriors.

Vanquished Creatures
  A slime creature (D)
  Sigmund (D)
  A yak (D)
  An ogre (D)
  A jelly (D)
  Ijyb (D)
6 creatures vanquished.

Notes
Turn   | Place    | Note
-------+----------+-------------------------------------------
     0 | D        | poirepourri the Spriggan Enchanter began the quest for the Orb.
     0 | D        | Reached XP level 1. HP: 9/9 MP: 5/5
     3 | D        | Noticed Ijyb
     9 | D        | Killed Ijyb
     9 | D        | Reached skill level 6 in Stealth
     9 | D        | Reached skill level 5 in Hexes
     9 | D        | Reached XP level 2. HP: 13/13 MP: 5/7
    38 | D        | Learned a level 2 spell: Ensorcelled Hibernation
    84 | D        | Noticed an ogre
    94 | D        | Killed an ogre
    94 | D        | Reached skill level 5 in Dodging
    94 | D        | Reached skill level 9 in Stealth
    94 | D        | Reached skill level 5 in Spellcasting
    94 | D        | Reached XP level 3. HP: 16/16 MP: 1/10
    94 | D        | Reached XP level 4. HP: 21/21 MP: 1/12
   265 | D        | Learned a level 3 spell: Confuse
   269 | D        | Learned a level 3 spell: Tukima's Dance
   273 | D        | Learned a level 3 spell: Dazzling Spray
   274 | D        | Noticed Sigmund
   279 | D        | Killed Sigmund
   279 | D        | Reached skill level 11 in Stealth
   279 | D        | Reached skill level 1 in Ice Magic
   279 | D        | Reached XP level 5. HP: 24/24 MP: 11/15
   279 | D        | Reached XP level 6. HP: 28/28 MP: 11/16
   356 | D        | Found a deep blue altar of Sif Muna.
   358 | D        | Found a radiant altar of Vehumet.
   383 | D        | Found Siuculipt's Antique Armour Emporium.
   383 | D        | Found an ancient bone altar of Kikubaaqudgha.
   383 | D        | Found a hazy altar of Hepliaklqana.
   383 | D        | Found a stormy altar of Qazlal.
   383 | D        | Found a hide-covered altar of Uskayaw.
   383 | D        | Found a blossoming altar of Fedhas.
   383 | D        | Found a bloodstained altar of Trog.
   383 | D        | Found an iron altar of Okawaru.
   383 | D        | Found a basalt altar of Yredelemnul.
   383 | D        | Found a glowing golden altar of the Shining One.
   383 | D        | Found a snail-covered altar of Cheibriados.
   383 | D        | Found a sacrificial altar of Ru.
   383 | D        | Found a glowing silver altar of Zin.
   383 | D        | Found a shadowy altar of Dithmenos.
   383 | D        | Found a white marble altar of Elyvilon.
   383 | D        | Noticed a yak
   385 | D        | Found an opulent altar of Gozag.
   396 | D        | Killed a yak
   396 | D        | Reached skill level 13 in Stealth
   396 | D        | Reached skill level 10 in Hexes
   409 | D        | Found a sparkling altar of Nemelex Xobeh.
   417 | D        | Became a worshipper of Dithmenos the Shadowed
   442 | D        | Found a burning altar of Makhleb.
   442 | D        | Found a viscous altar of Jiyva.
   442 | D        | Found a shimmering altar of Xom.
   442 | D        | Found a corrupted altar of Lugonu.
   442 | D        | Noticed a slime creature
   445 | D        | Killed a slime creature
   445 | D        | Reached XP level 7. HP: 32/32 MP: 17/19
   471 | D        | Noticed a centaur warrior
   471 | D        | Noticed a centaur warrior
   474 | D        | Shot with an arrow by a centaur warrior

Vault maps used:
D:        dungeon_sprint_1

Skill      XL: |  1  2  3  4  5  6 |
---------------+-------------------+-----
Dodging        | 4 5 6 8 |  8.1
Stealth        | 6 9 11 13 | 13.9
Spellcasting   | 3 5 6 8 |  8.1
Hexes          | 5 7 9 11 | 11.3
Ice Magic      | 1 2 |  2.2
Short Blades   | 2 |  2.0

Action                   |  1- 3 |  4- 6 |  7- 9 || total
-------------------------+-------+-------+-------++-------
Melee: Dagger            |     8 |     5 |       ||    13
 Cast: Ensorcelled Hiber |     3 |     1 |       ||     4
  Use: Potion            |     1 |       |       ||     1
 Stab: Sleeping          |     2 |     4 |       ||     6
Armor: Robe              |     1 |       |       ||     1
Dodge: Dodged            |     7 |     1 |     1 ||     9
